 Dungeon Crawl Stone Soup version 0.30.1-11-g7821555f0a (webtiles) character file.

Game seed: 6040693387320332859

235 jagang the Slasher (level 6, -24/50 HPs)
             Began as a Barachi Monk on Nov 15, 2023.
             Was a Believer of the Shining One.
             Annihilated by an ogre
             ... wielding a +0 giant club
              (31 damage)
             ... on level 4 of the Dungeon.
             The game lasted 00:07:20 (3226 turns).

jagang the Slasher (Barachi Monk)                   Turns: 3226, Time: 00:07:20

Health: -24/50     AC: 10    Str: 13    XL:     6   Next: 5%
Magic:  6/6        EV:  7    Int: 10    God:    the Shining One [**....]
Gold:   38         SH:  0    Dex: 16    Spells: 5/5 levels left

rFire   . . .        a - +0 falchion
rCold   . . .        d - orb {light}
rNeg    + + .        q - +0 chain mail
rPois   .            (no helmet)
rElec   .            (no cloak)
rCorr   .            (no gloves)
SInv    .            u - +0 pair of boots
Will    .....        (no amulet) Stlth
                     k - ring of positive energy
HPRegen 0.28/turn    (no ring)
MPRegen 0.10/turn

%: no passive effects
@: unable to hop, glowing, slow
A: amphibious, slowness 1, strong legs 1, +LOS
a: Hop, Renounce Religion, Divine Shield


You were on level 4 of the Dungeon.
You worshipped the Shining One.
The Shining One was pleased with you.
You visited 2 branches of the dungeon, and saw 5 of its levels.

You collected 155 gold pieces.
You spent 117 gold pieces at shops.

Inventory:

Hand Weapons
 a - a +0 falchion (weapon)
Missiles
 n - 6 boomerangs (quivered)
 o - 3 atropa-tipped darts
Armour
 d - an orb of light (worn)
 q - a +0 chain mail (worn)
 u - a +0 pair of boots (worn)
Jewellery
 k - a ring of positive energy (left hand)
Wands
 r - a wand of paralysis (18)
Scrolls
 b - a scroll of vulnerability
 e - a scroll of fog
 i - 3 scrolls of teleportation
 j - a scroll of fear
 l - a scroll of magic mapping {unknown}
 s - a scroll of enchant armour {unknown}
 t - 2 scrolls of enchant weapon {unknown}
 v - 3 scrolls of identify
 w - 3 scrolls of poison {unknown}
Potions
 c - a potion of ambrosia
 f - a potion of brilliance {unknown}
 g - 2 potions of curing {unknown}
 h - 2 potions of attraction {unknown}
 m - 2 potions of degeneration {unknown}
 p - 2 potions of might {unknown}


   Skills:
 + Level 4.9 Fighting
 * Level 5.9 Long Blades
 + Level 1.5 Throwing
 + Level 2.9 Armour
 - Level 3.2 Dodging


You had 5 spell levels left.
You didn't know any spells.
Your spell library contained the following spells:

 Spells                   Type           Power      Damage    Failure   Level
 Ozocubu's Armour         Ice            0%         N/A       100%        3
 Metabolic Englaciation   Hex/Ice        0%         N/A       100%        5
 Simulacrum               Ice/Necr       0%         N/A       100%        6


Dungeon Overview and Level Annotations

Branches:
Dungeon (4/15)             Temple (1/1) D:4

Altars:
Ashenzari
Cheibriados
Elyvilon
Fedhas
Gozag
Hepliaklqana
Kikubaaqudgha
Makhleb
Nemelex Xobeh
Okawaru
Qazlal
Ru
Sif Muna
Uskayaw
Vehumet
Yredelemnul
Zin
The Shining One

Shops:
D:1 ?


Innate Abilities, Weirdness & Mutations

You are amphibious.
You cover ground slowly.
You can hop short distances.
You have an extended range of vision and can be seen from far away.


Message History

The ogre hits you with a +0 giant club!!
You hit the ogre.
The ogre is heavily wounded.
You slash the ogre!
The ogre is severely wounded.
The ogre hits you with a +0 giant club!!
* * * LOW HITPOINT WARNING * * *
You are too injured to fight recklessly!
You are too injured to fight recklessly!
Hop to where?
Press: ? - help, Dir - move target Boing!
Throw: 6 boomerangs
Press: ? - help, Q - select action, (/) - cycle Shift-Dir - straight line, f - ogre
Aim: an ogre, wielding a +0 giant club (sparse dust, severely wounded, 76% to hit)
You throw a boomerang. The boomerang barely misses the ogre.
Throw: 6 boomerangs
Press: ? - help, Q - select action, (/) - cycle Shift-Dir - straight line, f/p - ogre
Aim: an ogre, wielding a +0 giant club (severely wounded, 76% to hit)
You throw a boomerang. The boomerang barely misses the ogre.
Throw: 6 boomerangs
Press: ? - help, Q - select action, (/) - cycle Shift-Dir - straight line, f/p - ogre
Aim: an ogre, wielding a +0 giant club (severely wounded, 76% to hit)
You throw a boomerang. The boomerang hits the ogre.
The ogre is almost dead.
Throw: 6 boomerangs
Press: ? - help, Q - select action, (/) - cycle Shift-Dir - straight line, f/p - ogre
Aim: an ogre, wielding a +0 giant club (almost dead, haloed, 93% to hit)
You throw a boomerang.
The boomerang hits the ogre but does no damage.
The ogre is almost dead.
Throw: 6 boomerangs
Press: ? - help, Q - select action, (/) - cycle Shift-Dir - straight line, f/p - ogre
Aim: an ogre, wielding a +0 giant club (severely wounded, haloed, 93% to hit)
Okay, then.
You hit the ogre.
The ogre is almost dead.
The ogre hits you with a +0 giant club!!
Ouch! That really hurt!
You die...

## .... ##.#...
#..#..#### ......#.#
####....#..#### #.#
....#...@.#
###.###......O..#
###........#..?...##
...........#.......#
.........#.......###
.......###........#...#
.# .......#
##......>....#..#.
......##
#..####......#....
....### #....
..#.>......#


You could see an ogre.

Vanquished Creatures
  A sleepcap (D:4)
  3 orc wizards (D:4)
  4 adders
  A worm (D:4)
  4 orcs
  10 endoplasms
  3 giant cockroaches
  8 goblins
  9 hobgoblins
  8 jackals
  A quokka (D:3)
  10 ball pythons
  9 bats
  3 frilled lizards
  7 kobolds
  A rat (D:1)
82 creatures vanquished.

Notes
Turn   | Place    | Note
-------+----------+-------------------------------------------
     0 | D:1      | jagang the Barachi Monk began the quest for the Orb.
     0 | D:1      | Reached XP level 1. HP: 18/18 MP: 1/1
    53 | D:1      | Reached XP level 2. HP: 21/25 MP: 2/2
    54 | D:1      | Reached skill level 4 in Long Blades
   122 | D:1      | Reached skill level 1 in Armour
   448 | D:1      | Reached XP level 3. HP: 23/30 MP: 3/3
   524 | D:1      | Found Peit Emp's Magic Scroll Boutique.
  1350 | D:2      | Reached XP level 4. HP: 35/37 MP: 4/4
  1365 | D:2      | Found a sacrificial altar of Ru.
  1668 | D:2      | Reached skill level 5 in Long Blades
  1847 | D:1      | Bought a scroll of identify for 26 gold pieces
  1847 | D:1      | Bought a scroll of teleportation for 39 gold pieces
  2649 | D:1      | Bought a scroll of identify for 26 gold pieces
  2649 | D:1      | Bought a scroll of identify for 26 gold pieces
  2782 | D:4      | Reached XP level 5. HP: 29/41 MP: 5/5
  2886 | D:4      | Reached skill level 1 in Throwing
  3007 | D:4      | Found a staircase to the Ecumenical Temple.
  3015 | Temple   | Entered the Ecumenical Temple
  3082 | Temple   | Became a worshipper of the Shining One
  3082 | Temple   | Reached * piety under the Shining One
  3082 | Temple   | Reached ** piety under the Shining One
  3157 | D:4      | Reached XP level 6. HP: 37/50 MP: 6/6
  3226 | D:4      | Annihilated by an ogre

Illustrated notes

Levels and vault maps discovered:
D:1:      lemuel_arrival_behind_the_door_large, layout_basic, serial_shops,
          nicolae_shop_tiny_real_fake_doors
D:2:      layout_rooms, basic_altar
D:3:      layout_loops_cross, minmay_misc_feat_x
D:4:      layout_cave_pools, minmay_temple_entry_junction
Temple:   mainiacjoe_temple_coin_purse

Skill      XL: |  1  2  3  4  5 |
---------------+----------------+-----
Long Blades    | 4 5 |  5.9
Armour         | 1 2 |  2.9
Fighting       | 4 |  4.9
Throwing       | 1 |  1.5
Dodging        | |  3.2

Action                     |  1- 3 |  4- 6 || total
---------------------------+-------+-------++-------
  Melee: Falchion          |    76 |   139 ||   215
  Throw: Boomerang         |       |    14 ||    14
Ability: Hop               |       |     2 ||     2
    Use: Scroll            |       |     3 ||     3
 Armour: Robe              |    15 |     2 ||    17
         Chain mail        |       |    78 ||    78
  Dodge: Dodged            |    49 |    56 ||   105
